 Dungeon Crawl Stone Soup version 0.27.0-1-g7a089689b8 (webtiles) character file.

Game seed: 5064365933393405952

5376 snetch the Spear-Bearer (level 10, -6/133 HPs)
             Began as a Minotaur Berserker on Aug 4, 2021.
             Was a High Priest of Trog.
             Mangled by a death yak (17 damage)
             ... on level 9 of the Dungeon.
             The game lasted 00:21:29 (7877 turns).

snetch the Spear-Bearer (Minotaur Berserker)        Turns: 7877, Time: 00:21:29

Health: -6/133     AC: 17    Str: 26    XL:     10   Next: 39%
Magic:  9/9        EV: 12    Int:  2    God:    Trog [*****.]
Gold:   517        SH:  0    Dex:  9    Spells: 9/9 levels left

rFire    . . .     SeeInvis .   W - +5 battleaxe
rCold    . . .     Faith    .   (shield currently unavailable)
rNeg     . . .     Spirit   .   C - +1 ring mail of Vuoleyll {+Blink Int-2 Slay+5 Stlth+}
rPois    .         Reflect  .   (helmet restricted)
rElec    .         Harm     .   T - +0 cloak
rCorr    .         Rampage  .   x - +2 pair of gloves {archery}
Will     .....                  X - +0 pair of boots
Stlth    ..........             A - amulet of regeneration
HPRegen  1.32/turn              j - +4 ring of protection
MPRegen  0.11/turn              (no ring)

@: berserking (expiring), very quick
A: horns 2, retaliatory headbutt
a: Renounce Religion, Evoke Blink, Berserk, Trog's Hand, Brothers in Arms


You were on level 9 of the Dungeon.
You worshipped Trog.
Trog was extremely pleased with you.
You visited 2 branches of the dungeon, and saw 10 of its levels.
You also visited: Ossuary.

You collected 517 gold pieces.

Inventory:

Hand Weapons
 a - a +3 spear
 b - a +3 hand axe
 c - a +2 flail
 U - a +0 bardiche
 W - a +5 battleaxe (weapon)
Missiles
 d - 188 stones (quivered)
 h - 3 boomerangs of dispersal
 m - 17 sling bullets
 o - 97 arrows
 I - 6 poisoned darts
 K - 10 boomerangs
 Q - 7 bolts
 Y - 6 curare-tipped darts
Armour
 l - a +0 buckler
 x - a +2 pair of gloves of archery (worn)
 C - the +1 ring mail of Vuoleyll (worn) {+Blink Int-2 Slay+5 Stlth+}
   (You found it on level 4 of the Dungeon)

   Int:       It affects your intelligence (-2).
   Slay:      It affects your accuracy & damage with ranged weapons and melee
   (+5).
   +Blink:    It lets you blink.
   Stlth:     It makes you more stealthy.
 F - a +0 plate armour
 G - +0 steam dragon scales
 T - a +0 cloak (worn)
 X - a +0 pair of boots (worn)
Jewellery
 j - a +4 ring of protection (left hand)
 A - an amulet of regeneration (around neck)
 R - a ring of fire
 Z - a ring of resist corrosion
Wands
 p - a wand of acid (13)
 s - a wand of polymorph (21)
 u - a wand of mindburst (8)
 P - a wand of paralysis (14)
Scrolls
 g - 2 scrolls of enchant weapon {unknown}
 i - 2 scrolls of brand weapon {unknown}
 q - 9 scrolls of identify {unknown}
 t - a scroll of noise {unknown}
 v - a scroll of amnesia {unknown}
 w - 3 scrolls of immolation {unknown}
 y - a scroll of acquirement {unknown}
 z - a scroll of vulnerability {unknown}
 B - a scroll of enchant armour {unknown}
 J - 3 scrolls of silence {unknown}
 L - 5 scrolls of teleportation {unknown}
 O - 2 scrolls of holy word {unknown}
Potions
 e - a potion of resistance {unknown}
 f - 3 potions of brilliance {unknown}
 k - 4 potions of might {unknown}
 n - 3 potions of berserk rage {unknown}
 r - 7 potions of curing {unknown}
 D - 3 potions of heal wounds {unknown}
 E - 4 potions of attraction {unknown}
 H - 2 potions of ambrosia {unknown}
 M - 2 potions of invisibility {unknown}
 N - 2 potions of degeneration {unknown}
 S - a potion of mutation {unknown}
 V - a potion of flight {unknown}


   Skills:
 + Level 8.3 Fighting
 + Level 5.7(9.0) Axes
 + Level 10.6(11.2) Polearms
 + Level 8.3 Armour
 + Level 5.5 Dodging
 + Level 5.2 Stealth
 - Level 2.2 Shields
 + Level 0.7 Evocations


You had 9 spell levels left.
You didn't know any spells.
Your spell library contained the following spells:

 Spells                   Type           Power      Damage    Failure   Level
 Apportation              Tloc           0%         N/A       67%         1
 Corona                   Hex            0%         N/A       67%         1
 Magic Dart               Conj           0%         1d3       67%         1
 Ensorcelled Hibernation  Hex/Ice        0%         N/A       80%         2
 Searing Ray              Conj           0%         3d3       80%         2
 Gell's Gravitas          Tloc           0%         N/A       95%         3
 Lesser Beckoning         Tloc           0%         N/A       95%         3
 Mephitic Cloud           Conj/Pois/Air  0%         N/A       95%         3
 Teleport Other           Tloc           0%         N/A       95%         3
 Tukima's Dance           Hex            0%         N/A       95%         3
 Animate Armour           Summ/Erth      0%         N/A       100%        4
 Fulminant Prism          Conj/Hex       0%         3d6       100%        4
 Sticky Flame             Conj/Fire      0%         2d3       100%        4
 Alistair's Intoxication  Tmut/Pois      0%         N/A       100%        5
 Blade Hands              Tmut           0%         N/A       100%        5
 Invisibility             Hex            0%         N/A       100%        6
 Iron Shot                Conj/Erth      0%         9d1       100%        6
 Chain Lightning          Conj/Air       0%         N/A       100%        9


Dungeon Overview and Level Annotations

Branches:
Dungeon (9/15)             Temple (1/1) D:6            Lair (0/6) D:9
Ossuary (visited)
    Orc: D:9-12

Altars:
Cheibriados
Dithmenos
Elyvilon
Fedhas
Gozag
Hepliaklqana
Kikubaaqudgha
Makhleb
Nemelex Xobeh
Okawaru
Qazlal
Ru
Sif Muna
Trog
Uskayaw
Vehumet
Wu Jian
Xom
Yredelemnul
Zin
The Shining One

Shops:
D:8 =


Innate Abilities, Weirdness & Mutations

You have a pair of horns on your head.
You reflexively headbutt those who attack you in melee.


Message History

You hit the river rat. You slice the death yak!!
The river rat closely misses you.
Unknown command.
You slice the death yak!!
You kill the death yak!
Trog accepts your kill.
You slash the river rat!
You kill the river rat!
Trog accepts your kill.
You slash the death yak!
The death yak gores you but does no damage.
Your base Axes skill increases to level 5!
You slice the death yak!!
The death yak is almost dead.
You hit the river rat. You barely miss the death yak.
The death yak completely misses you. The death yak gores you!
* * * LOW HITPOINT WARNING * * *
The river rat barely misses you.
You slice the death yak!!
You kill the death yak!
Trog accepts your kill.
You barely miss the death yak. You hit the river rat.
You kill the river rat!
Trog accepts your kill. The death yak gores you!
* * * LOW HITPOINT WARNING * * *
You hit the death yak.
The death yak is lightly wounded.
The death yak gores you but does no damage.
You slice the death yak!!
The death yak is moderately wounded.
The death yak gores you.
* * * LOW HITPOINT WARNING * * *
You slash the death yak! You headbutt the death yak.
The death yak is heavily wounded.
The death yak closely misses you.
You hit the death yak. You headbutt the death yak.
The death yak is severely wounded.
The death yak gores you!
You die...

..................#
..................#
..................#
....#.............#
....#.............#
....#.............#
....#.............#
....#.............#
....############@##
....#
......†Y†......
....#
...............
....#
..........#..#.
....# ...........
... ..##.....>.. ..
. .......... .
##....#.....


You could see a death yak.

Vanquished Creatures
  2 death yaks (D:9)
  2 hornets (D:7)
  Sigmund (D:6)
  A wraith (Ossuary)
  A wyvern (D:7)
  A steam dragon (D:8)
  Duvessa (D:6)
  An ice beast (D:5)
  3 orc warriors
  2 necrophages
  3 ogres
  A centaur (D:5)
  A phantom (D:5)
  A kobold brigand (D:6)
  3 bullfrogs
  A wyvern zombie (D:7)
  Dowan (D:6)
  2 scorpions
  A water moccasin zombie (D:7)
  A wyvern skeleton (D:7)
  A water moccasin skeleton (D:7)
  9 wights
  A bullfrog zombie (D:7)
  2 centaur zombies (D:9)
  5 orc priests
  2 hounds
  A jelly (D:6)
  A bullfrog skeleton (D:6)
  A gnoll shaman (D:8)
  Ijyb (D:3)
  An iguana (D:4)
  13 orc wizards
  2 killer bee zombies
  2 hound skeletons
  4 mummies
  A howler monkey zombie (D:8)
  Robin (D:3)
  A howler monkey skeleton (D:7)
  6 gnolls
  2 adders (D:2)
  2 river rats (D:9)
  A shadow imp (D:6)
  A white imp (D:6)
  An ufetubus (D:6)
  A dart slug (D:1)
  25 orcs
  6 bats
  6 endoplasms
  2 giant cockroaches
  14 goblins
  3 hobgoblins
  11 jackals (D:1)
  18 kobolds
  3 quokkas
  4 ball pythons
  3 frilled lizards
  5 goblin zombies
  4 hobgoblin zombies (Ossuary)
  2 kobold zombies
  11 rats
210 creatures vanquished.

Notes
Turn   | Place    | Note
-------+----------+-------------------------------------------
     0 | D:1      | snetch the Minotaur Berserker began the quest for the Orb.
     0 | D:1      | Reached XP level 1. HP: 19/19 MP: 0/0
   181 | D:1      | Reached XP level 2. HP: 27/27 MP: 1/1
   531 | D:1      | Reached XP level 3. HP: 34/34 MP: 2/2
   627 | D:1      | Reached ** piety under Trog
  1005 | D:2      | Reached skill level 1 in Polearms
  1172 | D:2      | Reached XP level 4. HP: 37/41 MP: 3/3
  1486 | D:3      | Noticed Ijyb
  1496 | D:3      | Killed Ijyb
  1497 | D:3      | Reached skill level 2 in Polearms
  1667 | D:3      | Noticed Robin
  1698 | D:3      | Reached skill level 3 in Polearms
  1698 | D:3      | Reached XP level 5. HP: 37/47 MP: 4/4
  1705 | D:3      | Killed Robin
  2137 | D:3      | Found a bloodstained altar of Trog.
  2199 | D:3      | Reached *** piety under Trog
  2585 | D:4      | Reached skill level 4 in Polearms
  2623 | D:5      | Entered Level 5 of the Dungeon
  2623 | D:5      | Noticed a necrophage
  2647 | D:5      | Killed a necrophage
  2648 | D:5      | Reached skill level 5 in Fighting
  2648 | D:5      | Reached XP level 6. HP: 50/56 MP: 5/5
  2774 | D:5      | Noticed an ice beast
  2785 | D:5      | Killed an ice beast
  2786 | D:5      | Reached skill level 5 in Polearms
  2838 | D:4      | Identified the +1 ring mail of Vuoleyll {+Blink Int-2
                  | Slay+5 Stlth+}
  2860 | D:4      | Got the Catalogue of Fiery Air
  2896 | D:4      | Reached XP level 7. HP: 39/61 MP: 6/6
  3577 | D:5      | Reached skill level 6 in Polearms
  3583 | D:5      | Reached skill level 5 in Armour
  3645 | D:5      | Reached skill level 1 in Stealth
  3645 | D:5      | Reached skill level 1 in Shields
  3677 | D:5      | You fall into a shaft and drop 3 floors!
  3719 | D:8      | Noticed a steam dragon
  3730 | D:8      | Killed a steam dragon
  3731 | D:8      | Reached XP level 8. HP: 52/70 MP: 7/7
  3760 | D:8      | Reached skill level 7 in Polearms
  3989 | D:6      | Found a sand-covered staircase.
  3996 | Ossuary  | Entered an ossuary
  4020 | Ossuary  | Reached **** piety under Trog
  4516 | D:5      | Reached skill level 8 in Polearms
  5268 | D:6      | Noticed Duvessa
  5268 | D:6      | Noticed Dowan
  5274 | D:6      | Killed Duvessa
  5284 | D:6      | Killed Dowan
  5387 | D:6      | Noticed Sigmund
  5397 | D:6      | Killed Sigmund
  5398 | D:6      | Reached XP level 9. HP: 74/78 MP: 8/8
  5520 | D:6      | Found a staircase to the Ecumenical Temple.
  5529 | Temple   | Entered the Ecumenical Temple
  5878 | D:7      | Reached skill level 9 in Polearms
  6421 | D:7      | Found a hide-covered altar of Uskayaw.
  6422 | D:7      | Found a glowing silver altar of Zin.
  6423 | D:7      | Found a hazy altar of Hepliaklqana.
  6423 | D:7      | Found a radiant altar of Vehumet.
  7262 | D:8      | Found Nehuc's Jewellery Emporium.
  7354 | D:8      | Found a shadowy altar of Dithmenos.
  7508 | D:8      | Reached skill level 10 in Polearms
  7692 | D:9      | Reached skill level 5 in Stealth
  7771 | D:9      | Reached XP level 10. HP: 88/88 MP: 9/9
  7773 | D:9      | Reached skill level 5 in Dodging
  7792 | D:9      | Reached ***** piety under Trog
  7863 | D:9      | Found a staircase to the Lair.
  7863 | D:9      | Noticed a death yak
  7864 | D:9      | Noticed a death yak
  7865 | D:9      | Noticed a death yak
  7871 | D:9      | Killed a death yak
  7872 | D:9      | Reached skill level 5 in Axes
  7873 | D:9      | Killed a death yak
  7877 | D:9      | Mangled by a death yak

Illustrated notes

Levels and vault maps discovered:
D:1:      dpeg_arrival_rhombi, layout_basic, minmay_misc_feat_iff
D:2:      layout_rooms
D:3:      layout_loops_ring, mainiacjoe_overflow_cross_hatched, serial_aquarium,
          aquarium_bridge_long_separate [aquarium_subvault_bridge,
          aquarium_subvault_window, aquarium_subvault_window,
          aquarium_subvault_wall, aquarium_subvault_window,
          aquarium_subvault_bridge], aquarium_window_corner, aquarium_window_2,
          aquarium_view_2d, minmay_door_square, uniq_robin, uniq_ijyb
D:4:      layout_basic
D:5:      layout_loops_ring, minmay_misc_feat_hallway
D:6:      layout_basic, temple_hall, nicolae_ossuary_entry_giza, uniq_sigmund,
          uniq_duvessa
D:7:      layout_loops_corners, mainiacjoe_overflow_alcove_3
D:8:      layout_cave_pods, lemuel_round_altar, serial_shops, shop,
          minmay_misc_feat_rows
D:9:      layout_grid_maze, dpeg_lair_monsters
Temple:   regret_index_temple_waves

Skill      XL: |  1  2  3  4  5  6  7  8  9 10 |
---------------+-------------------------------+-----
Axes           | 4 5 |  5.7
Fighting       | 4 5 6 7 8 |  8.3
Polearms       | 1 3 4 5 6 8 10 | 10.6
Armour         | 3 4 5 6 8 |  8.3
Dodging        | 3 4 5 |  5.5
Stealth        | 1 3 5 |  5.2
Shields        | 1 2 |  2.2
Evocations     | |  0.7

Action                   |  1- 3 |  4- 6 |  7- 9 | 10-12 || total
-------------------------+-------+-------+-------+-------++-------
Melee: Spear             |    98 |   121 |   298 |    26 ||   543
       Headbutt          |     5 |    18 |    59 |     6 ||    88
       Battleaxe         |       |       |       |    11 ||    11
Invok: Trog's Hand       |       |     1 |     3 |       ||     4
       Berserk           |       |       |     1 |     1 ||     2
 Abil: Evoke Blink       |       |       |     1 |       ||     1
 Stab: Sleeping          |       |       |    16 |       ||    16
       Distracted        |       |       |     1 |       ||     1
Armor: Animal skin       |     1 |       |       |       ||     1
       Leather armour    |    19 |     3 |       |       ||    22
       Scale mail        |       |    49 |       |       ||    49
       Ring mail         |       |       |    80 |     7 ||    87
Dodge: Dodged            |    42 |    53 |    56 |     7 ||   158
Block: Buckler           |     3 |    10 |    18 |     1 ||    32
